 Dungeon Crawl Stone Soup version 0.31-a0-795-g5eb97db20b (webtiles) character file.

Game seed: 16646252376557575851

49 Newt the Trooper (level 3, -4/30 HPs)
             Began as a Demonspawn Gladiator on Sept 18, 2023.
             Slain by Crazy Yiuf
             ... wielding a +3 quarterstaff of chaos
              (19 damage)
             ... on level 2 of the Dungeon.
             The game lasted 00:01:00 (984 turns).

Newt the Trooper (Demonspawn Gladiator)              Turns: 984, Time: 00:01:04

Health: -4/30      AC:  4    Str: 16    XL:     3   Next: 51%
Magic:  3/3        EV: 12    Int:  9    God:
Gold:   59         SH:  0    Dex: 14    Spells: 2/2 levels left

rFire   . . .        j - +2 quarterstaff (drain)
rCold   . . .        (shield currently unavailable)
rNeg    . . .        b - +0 leather armour
rPois   +            c - +0 helmet
rElec   .            (no cloak)
rCorr   .            (no gloves)
SInv    .            (no boots)
Will    .....        n - amulet of regeneration
Stlth   +            k - ring of poison resistance
HPRegen 1.05/turn    (no ring)
MPRegen 0.08/turn

%: no passive effects
@: no status effects
A: claws 1, spiny 1
a: no special abilities


You were on level 2 of the Dungeon.
You visited 1 branch of the dungeon, and saw 2 of its levels.

You collected 59 gold pieces.

Inventory:

Hand Weapons
 a - a +0 rapier
 j - a +2 quarterstaff of draining (weapon)
Missiles
 d - 3 throwing nets (quivered)
 e - a javelin
 h - 4 poisoned darts
Armour
 b - a +0 leather armour (worn)
 c - a +0 helmet (worn)
 o - a +2 buckler
Jewellery
 k - a ring of poison resistance (left claw)
 n - an amulet of regeneration (around neck)
Scrolls
 g - a scroll of fog {unknown}
 i - a scroll of blinking {unknown}
 q - a scroll of brand weapon {unknown}
Potions
 f - a potion of heal wounds {unknown}
 l - 2 potions of brilliance
 m - a potion of haste
 p - a potion of might
 r - a potion of invisibility {unknown}
 s - a potion of lignification {unknown}


   Skills:
 - Level 4.0 Fighting
 - Level 2.6 Short Blades
 + Level 0.0 Staves
 - Level 1.7 Throwing
 - Level 2.6 Dodging


You had 2 spell levels left.
You didn't know any spells.
Your spell library contained the following spells:

 Spells                   Type           Power      Damage    Failure   Level
 Shock                    Conj/Air       0%         1d3       45%         1
 Ignite Poison            Fire/Tmut/Pois 0%         N/A       83%         3
 Swiftness                Air            0%         N/A       83%         3
 Tukima's Dance           Hex            0%         N/A       83%         3
 Airstrike                Air            0%         2d(0-16)  99%         4
 Dimensional Bullseye     Hex/Tloc       0%         N/A       99%         4
 Iskenderun's Mystic Bla  Conj/Tloc      0%         2d3       99%         4
 Sticky Flame             Conj/Fire      0%         2d3       99%         4
 Ignition                 Fire           0%         3d3       100%        8


Dungeon Overview and Level Annotations

Branches:
Dungeon (2/15)

Altars:

Annotations:
D:2 Crazy Yiuf


Innate Abilities, Weirdness & Mutations

You have sharp fingernails.
You are partially covered in sharp spines.


Message History

No target in view!
Found a stone staircase leading down.
Found 5 stones.
You now have 59 gold pieces (gained 3).
r - a black potion No target in view!
There is an escape hatch in the floor here.
A quokka comes into view.
A quokka is nearby!
A quokka is nearby!
The quokka twitches its whiskers.
The quokka closely misses you.
You barely miss the quokka. The quokka is struck by your spines.
The quokka bites you but does no damage.
You hit the quokka.
You kill the quokka!
Training target 4.0 for Fighting reached!
Your Fighting skill increases to level 4!
You need to enable at least one skill for training.
Unknown command.
You see here a quokka corpse.
You pick up a book of Weapons and begin reading...
You add the spells Tukima's Dance, Dimensional Bullseye and Iskenderun's Mystic Blast to your library.
l - 2 potions of brilliance (gained 1)
s - a bubbling black potion You see here a quokka corpse.
Crazy Yiuf sings, "Trees, trees, trees, circus!"
No reachable target in view!
Unknown command.
You open the door. You thump Crazy Yiuf! You drain Crazy Yiuf.
Crazy Yiuf is severely wounded.
Crazy Yiuf hits you with a +3 quarterstaff of chaos.
You hit Crazy Yiuf.
Crazy Yiuf is severely wounded.
Crazy Yiuf closely misses you.
Crazy Yiuf hits you with a +3 quarterstaff of chaos!
You are electrocuted!!
Ouch! That really hurt!
You die...

##....†.#
#....#
#...#####
##.......#
#+..+#
#........
#........#
♣....♣
##.######.
#........#
♣...♣♣
#.........
#........#
♣♣.♣♣
#########.
#........#
♣.♣♣ ##
#........#
♣♣.♣
#........#
♣.♣♣ #######
#........#
♣♣@♣ #......
#........#
#g# #......
#........#
...
######.>....
#........#
#...#
#...##......
##.......#
#..)#
###.........
##.....##
#####
####......
#######
#......
#..>...
#(.....


You could see Crazy Yiuf (very drained).

Vanquished Creatures
  2 adders (D:2)
  4 ball pythons (D:1)
  2 endoplasms
  2 giant cockroaches (D:1)
  2 goblins (D:1)
  A hobgoblin (D:1)
  6 jackals
  3 kobolds (D:1)
  2 quokkas
  2 bats (D:1)
  2 frilled lizards
28 creatures vanquished.

Notes
Turn   | Place    | Note
-------+----------+-------------------------------------------
     0 | D:1      | Newt the Demonspawn Gladiator began the quest for the Orb.
     0 | D:1      | Reached XP level 1. HP: 16/16 MP: 1/1
   174 | D:1      | Gained mutation: You are partially covered in sharp spines.
                  | [demonic ancestry]
   174 | D:1      | Reached XP level 2. HP: 20/23 MP: 2/2
   303 | D:1      | Reached skill level 3 in Fighting
   544 | D:2      | Gained mutation: You have sharp fingernails. [demonic
                  | ancestry]
   544 | D:2      | Reached XP level 3. HP: 29/29 MP: 3/3
   607 | D:2      | Found a runed translucent door.
   608 | D:2      | Noticed Crazy Yiuf
   917 | D:2      | Reached skill level 4 in Fighting
   984 | D:2      | Slain by Crazy Yiuf

Illustrated notes

Levels and vault maps discovered:
D:1:      dpeg_arrival_pits, layout_basic
D:2:      layout_rooms, uniq_crazy_yiuf_cottage

Skill      XL: |  1  2  3 |
---------------+----------+-----
Fighting       | 3 4 |  4.0
Short Blades   | |  2.6
Throwing       | |  1.7
Dodging        | |  2.6

Action                     || total
---------------------------++-------
  Melee: Quarterstaff      ||    54
         Rapier            ||     4
    Use: Scroll            ||     3
   Stab: Sleeping          ||     2
 Armour: Leather armour    ||    25
  Dodge: Dodged            ||    44

Table legend: (Time is in decaauts)
 A = Elapsed time spent in this place.
 B = Non-inter-level travel time spent in this place.
 C = Inter-level travel time spent in this place.
 D = Time resting spent in this place.
 E = Time spent auto-exploring this place.
 F = Levels seen in this place.
 G = Mean time per level.
                   A        B        C        D        E       F      G
               +--------+--------+--------+--------+--------+-----+--------+
         Total |    998 |    981 |     17 |      0 |    779 |   2 |  499.0 |
       Dungeon |    998 |    981 |     17 |      0 |    779 |   2 |  499.0 |
               +--------+--------+--------+--------+--------+-----+--------+

Top non-repeatable levels by time:
     D:1: 525 daAuts
     D:2: 473 daAuts
